 Dungeon Crawl Stone Soup version 0.31.0-9-g3a7656b989 (webtiles) character file.

Game seed: 6305557669293833731

2 ProzacElf the Ducker (level 1, -1/13 HPs)
             Began as a Merfolk Air Elementalist on Jan 25, 2024.
             Slain by a hobgoblin (4 damage)
             ... on level 1 of the Dungeon.
             The game lasted 00:01:00 (173 turns).

ProzacElf the Ducker (Merfolk Air Elementalist)      Turns: 173, Time: 00:01:01

Health: -1/13      AC:  2    Str:  8    XL:     1   Next: 40%
Magic:  0/3        EV: 12    Int: 14    God:
Gold:   18         SH:  0    Dex: 14    Spells: 3/4 levels left

rFire   . . .        (no weapon)
rCold   . . .        (no shield)
rNeg    . . .        a - +0 robe
rPois   .            (no helmet)
rElec   .            (no cloak)
rCorr   .            (no gloves)
SInv    .            (no boots)
Will    .....        (no amulet)
Stlth   ++           (no ring)
HPRegen 0.22/turn    (no ring)
MPRegen 0.08/turn

%: no passive effects
@: no status effects
A: (nimble swimmer 2), mertail
a: no special abilities


You were on level 1 of the Dungeon.
You visited 1 branch of the dungeon, and saw 1 of its levels.

You collected 18 gold pieces.

Inventory:

Armour
 a - a +0 robe (worn)
Potions
 b - a potion of magic


   Skills:
 - Level 2.6 Dodging
 + Level 2.3 Stealth
 - Level 2.0 Spellcasting
 + Level 0.9 Conjurations
 + Level 2.4 Air Magic


You had 3 spell levels left.
You knew the following spells:

 Your Spells              Type           Power      Damage    Failure   Level
a - Shock                 Conj/Air       24%        1d4       12%         1

Your spell library contained the following spells:

 Spells                   Type           Power      Damage    Failure   Level
 Static Discharge         Conj/Air       12%        3-4/arc   19%         2
 Swiftness                Air            8%         N/A       26%         3
 Airstrike                Air            4%         2d(1-17)  65%         4


Dungeon Overview and Level Annotations

Branches:
Dungeon (1/15)

Altars:

Shops:
D:1 *


Innate Abilities, Weirdness & Mutations

((You are very nimble when in or above water. (Stealth+, EV+, Speed+++)))
Your lower body shifts to a powerful aquatic tail in water.


Message History

Ye closely miss tha hobgoblin.
Tha hobgoblin be lightly wounded.
Tha hobgoblin barely misses ye.
Ye closely miss tha hobgoblin.
Tha hobgoblin be lightly wounded.
Tha hobgoblin hits ye.
Ye take 2 damage, an' haf 10/13 hp.
Ye hit tha hobgoblin.
Tha hobgoblin be moderately wounded.
Tha hobgoblin hits ye.
Ye take 2 damage, an' haf 8/13 hp.
Ye closely miss tha hobgoblin.
Tha hobgoblin be moderately wounded.
Tha hobgoblin completely misses ye.
Ye barely miss tha hobgoblin.
Tha hobgoblin be lightly wounded.
Tha hobgoblin hits ye.
Ye hit tha hobgoblin.
Tha hobgoblin be moderately wounded.
Tha hobgoblin hits ye.
Ye take 1 damage, an' haf 7/13 hp.
Ye barely miss tha hobgoblin.
Tha hobgoblin be moderately wounded.
Tha hobgoblin hits ye.
Ye take 2 damage, an' haf 5/13 hp.
Ye hit tha hobgoblin but do nay damage.
Tha hobgoblin be moderately wounded.
Tha hobgoblin hits ye.
* * * LOW HITPOINT WARNIN'
* * * Ye take 2 damage, an' haf 3/13 hp.
Castin': Shock (safe; 12% risk o' failure) Confirm wit' . or Enter, or press ? or * ta list all spells.
Aimin': Shock (safe; 12% risk o' failure)
Press: ? - help, Shift-Dir - straight line Tha zap hits tha hobgoblin.
Tha hobgoblin be heavily wounded.
Tha zap hits tha hobgoblin.
Tha hobgoblin be severely wounded.
Tha hobgoblin hits ye.
Ye die...

######## #####
#####......# #...## #
........##.# ###'#..###
.##.....##.###.'∩+..##.
#.##.#..........#'#.....
(........##.##....#####.
.#..#......#.....# ##
.#.#.###@.#####...## #.
.......g..# ##.## #.
##†#.####.# #.# #. ..#
#.# #. #.# ##'## #.
#.#####...## #.
#....#.....## #.
..#........## ##
#.##.........###≈


You could see a hobgoblin.

Vanquished Creatures
  A giant cockroach (D:1)
  A ball python (D:1)
  A rat (D:1)
3 creatures vanquished.

Notes
Turn   | Place    | Note
-------+----------+-------------------------------------------
     0 | D:1      | ProzacElf the Merfolk Air Elementalist began the quest for
                  | the Orb.
     0 | D:1      | Reached XP level 1. HP: 13/13 MP: 3/3
    77 | D:1      | Found Ajaowku's Assorted Antiques.
   173 | D:1      | Slain by a hobgoblin

Illustrated notes

Levels and vault maps discovered:
D:1:      ncdulo_lavacross, layout_loops_corners, serial_shops, shop,
          nicolae_shop_mannequins, nicolae_shop_behind_doors, shop,
          nicolae_shop_pleasant_corner_grove,
          hellmonk_ecumenical_altar_dog_temple, serial_bayou_lagoon_a,
          minmay_cut_off

Action                     || total
---------------------------++-------
  Melee: Unarmed           ||    10
   Cast: Shock             ||     8
 Armour: Robe              ||     9
  Dodge: Dodged            ||     2

Action                     || total
---------------------------++-------
  Melee: Unarmed           ||    10
   Cast: Shock             ||     8
 Armour: Robe              ||     9
  Dodge: Dodged            ||     2

Levels and vault maps discovered:
D:1:      ncdulo_lavacross, layout_loops_corners, serial_shops, shop,
          nicolae_shop_mannequins, nicolae_shop_behind_doors, shop,
          nicolae_shop_pleasant_corner_grove,
          hellmonk_ecumenical_altar_dog_temple, serial_bayou_lagoon_a,
          minmay_cut_off
